 Dungeon Crawl Stone Soup version 0.19.0-22-gd96e5fe (webtiles) character file.

5371 Leibowitz the Covert (level 10, 0/77 (79) HPs)
             Began as a Demigod Enchanter on Nov 19, 2016.
             Slain by an orc warrior
             ... wielding a +0 halberd of flaming
              (7 damage)
             ... on level 8 of the Dungeon.
             The game lasted 00:38:27 (9862 turns).

Leibowitz the Covert (Demigod Enchanter)            Turns: 9862, Time: 00:38:27

HP:   0/77 (79)     AC: 12    Str: 11    XL:     10   Next: 16%
MP:   11/21         EV: 14    Int: 28    God:
Gold: 366           SH:  0    Dex: 16    Spells: 3 memorised, 13 levels left

rFire  . . .     SeeInvis .     a - +2 short sword (protect)
rCold  . . .     Gourm    .     b - +1 robe
rNeg   . . .     Faith    .     (no shield)
rPois  +         Spirit   .     (no helmet)
rElec  .         Reflect  .     z - +0 cloak
rCorr  .         Harm     .     q - +0 pair of gloves
MR     +....                    (no boots)
Stlth  ++++......               E - amulet of magic regeneration
                                G - ring of poison resistance
                                l - +3 ring of intelligence

@: protection aura, drained
A: high mp 1
a: no special abilities


You were on level 8 of the Dungeon.
You were very hungry.

You visited 1 branch of the dungeon, and saw 8 of its levels.
You also visited: Sewer and Ossuary.

You collected 366 gold pieces.

Inventory:

Hand Weapons
 a - a +2 short sword of protection (weapon)
 i - a +1 dagger
 t - a +1 dagger of holy wrath
 v - a +0 blowgun
Missiles
 g - 4 curare-tipped needles
 w - 34 poisoned needles
Armour
 b - a +1 robe (worn)
 q - a +0 pair of gloves (worn)
 z - a +0 cloak (worn)
Jewellery
 e - an uncursed ring of protection from cold
 l - a +3 ring of intelligence (left hand)
 s - an uncursed ring of positive energy
 E - an amulet of magic regeneration (around neck)
 G - a ring of poison resistance (right hand)
Wands
 B - a wand of polymorph (14/24)
 D - a wand of flame (39/48)
Scrolls
 j - 5 scrolls of teleportation
 p - 7 scrolls of remove curse
 u - 2 scrolls of recharging {unknown}
 x - 3 scrolls of noise {unknown}
 y - 7 scrolls of identify
 F - a scroll of immolation {unknown}
 H - 3 scrolls of enchant armour {unknown}
 I - a scroll of fog {unknown}
Potions
 f - 5 potions of curing
 h - 3 potions of might {unknown}
 n - a potion of flight
 o - a potion of brilliance
 r - 2 potions of haste
 A - a potion of agility {unknown}
 C - 2 potions of mutation {unknown}
 J - a potion of cure mutation {unknown}
 K - a potion of magic {unknown}
Books
 c - a book of Maledictions

   Spells                             Type                      Level
   a - Corona                         Hexes                        1
   b - Ensorcelled Hibernation        Hexes/Ice                    2
   c - Confuse                        Hexes                        3
   d - Tukima's Dance                 Hexes                        3
   e - Dazzling Spray                 Conjuration/Hexes            3
Comestibles
 d - 7 bread rations
 k - 2 slices of pizza
 m - 4 meat rations
 L - a beef jerky


   Skills:
 + Level 4.2(3.4) Fighting
 + Level 6.2(5.3) Short Blades
 + Level 0.1(0.0) Throwing
 + Level 5.0(4.2) Dodging
 + Level 8.2(7.3) Stealth
 + Level 5.1(4.2) Spellcasting
 + Level 5.8(4.9) Hexes
 + Level 3.6(2.8) Ice Magic


You had 13 spell levels left.
You knew the following spells:

 Your Spells              Type           Power        Failure   Level  Hunger
a - Corona                Hex            ####...      1%          1    None
b - Ensorcelled Hibernat  Hex/Ice        ####..       2%          2    None
c - Confuse               Hex            ####....     2%          3    ##.....


Dungeon Overview and Level Annotations

Branches:
Dungeon (8/15)             Temple (0/1) D:7
   Lair: D:8-11

Shops:
D:5 [


Innate Abilities, Weirdness & Mutations

You have an increased reservoir of magic. (+10% MP)


Message History

Press: ? - help, Shift-Dir - straight line, f/p - orc warrior
Aim: an orc warrior, wielding a halberd of flaming and wearing a chain mail (chance to defeat MR: 56%)
The orc warrior looks drowsy...
The quokka closely misses you.
The helpless orc warrior fails to defend itself.
You impale the orc warrior!!
Your weapon exudes an aura of protection.
The orc warrior is severely wounded.
The orc warrior barely misses you. The quokka misses you.
You barely miss the orc warrior.
The orc warrior is severely wounded.
The orc warrior closely misses you. The quokka closely misses you.
You hit the orc warrior but do no damage.
The orc warrior is severely wounded.
The quokka closely misses you.
You hit the orc warrior.
The orc warrior is almost dead.
The orc warrior hits you with a halberd of flaming!
* * * LOW HITPOINT WARNING * * *
The orc warrior burns you!
You die...

..#.....# ..#..............).
..#................
..#...............#
..#...............# ..#
.....!...#.....# ... ..#
.........#.....##... ..#
......o..#.......... ..#
.......@r+........ ..##+##
........).#.......
#...#..........#.....#########
#...#..........#.....#........
####...#..........#.....#........
..)#...#..........#..^..#........
...#...#..........#.....#........
...#...#..........#....)'........
...#...'..........#######........


You could see an orc warrior and a quokka.

Vanquished Creatures
  The ghost of endtime the Fighter, a novice HEFi of Okawaru (D:5)
  Grinder (D:4)
  Prince Ribbit (D:7)
  A hippogriff (D:8)
  Sigmund (D:4)
  A wraith (Ossuary)
  A sky beast (D:8)
  3 phantoms
  A black bear (D:8)
  A necrophage (D:8)
  5 ogres
  4 centaurs
  10 big kobolds
  4 bullfrogs
  An elf skeleton (D:7)
  A scorpion (D:7)
  A water moccasin skeleton (D:8)
  4 killer bees (D:7)
  5 wights (D:8)
  2 crimson imps
  A bullfrog zombie (D:7)
  A centaur zombie (D:7)
  A human zombie (D:7)
  A jelly (D:7)
  4 orc priests
  3 quasits
  Crazy Yiuf (D:3)
  4 hounds
  A centaur skeleton (D:6)
  3 human skeletons (D:7)
  2 bullfrog skeletons
  An iguana (D:6)
  Ijyb (D:3)
  3 orc wizards
  Natasha (thrice) (D:3)
  9 worker ants
  A hound zombie (D:8)
  A hound skeleton (D:7)
  A mummy (Ossuary)
  A worker ant zombie (D:7)
  A howler monkey zombie (D:6)
  4 gnolls (D:5)
  10 adders
  A river rat (Sewer)
  A shadow imp (D:5)
  2 oozes (Sewer)
  An adder zombie (D:4)
  An adder skeleton (D:5)
  3 worms
  5 dart slugs
  2 leopard geckos
  16 orcs
  12 bats
  4 giant cockroaches
  10 goblins
  7 hobgoblins
  3 jackals (D:3)
  13 kobolds
  4 quokkas
  4 ball pythons (Sewer)
  A ball python skeleton (D:5)
  A frilled lizard (D:1)
  5 gnoll skeletons (Ossuary)
  8 kobold skeletons (Ossuary)
  A leopard gecko skeleton (D:6)
  13 orc skeletons
  10 rats
235 creatures vanquished.

Vanquished Creatures (others)
  A giant cockroach (D:2)
1 creature vanquished.

Grand Total: 236 creatures vanquished

Notes
Turn   | Place    | Note
-------+----------+-------------------------------------------
     0 | D:1      | Leibowitz the Demigod Enchanter began the quest for the Orb.
     0 | D:1      | Reached XP level 1. HP: 14/14 MP: 5/5
   642 | D:1      | Reached skill level 3 in Stealth
   667 | D:1      | Reached skill level 1 in Short Blades
   667 | D:1      | Reached XP level 2. HP: 12/20 MP: 7/7
   767 | D:1      | Learned a level 2 spell: Ensorcelled Hibernation
  1266 | D:2      | Reached XP level 3. HP: 27/27 MP: 8/8
  1335 | D:2      | Reached skill level 1 in Fighting
  1429 | D:2      | Found a stormy altar of Qazlal.
  1852 | D:2      | Found a shimmering altar of Xom.
  2215 | D:2      | Found a snail-covered altar of Cheibriados.
  2221 | D:2      | Found a shattered altar of Ashenzari.
  2225 | D:2      | Found a hazy altar of Hepliaklqana.
  2606 | D:3      | Found a glowing drain.
  2610 | Sewer    | Entered a sewer
  2662 | Sewer    | Noticed a big kobold
  2662 | Sewer    | Noticed a big kobold
  2681 | Sewer    | Killed a big kobold
  2681 | Sewer    | Reached XP level 4. HP: 32/35 MP: 6/9
  2695 | Sewer    | Killed a big kobold
  2695 | Sewer    | Reached skill level 4 in Stealth
  2695 | Sewer    | Reached skill level 1 in Ice Magic
  2695 | Sewer    | Reached XP level 5. HP: 29/40 MP: 4/11
  3001 | Sewer    | Reached XP level 6. HP: 44/48 MP: 3/12
  3154 | Sewer    | Learned a level 3 spell: Confuse
  3385 | Sewer    | Reached XP level 7. HP: 48/55 MP: 9/14
  3622 | D:3      | Reached skill level 5 in Stealth
  3753 | D:3      | Found a runed door.
  3757 | D:3      | Noticed Crazy Yiuf
  3764 | D:3      | Killed Crazy Yiuf
  3820 | D:3      | Noticed Ijyb
  3838 | D:3      | Killed Ijyb
  4016 | D:3      | Noticed Natasha
  4027 | D:3      | Killed Natasha
  4106 | D:3      | Noticed Natasha
  4112 | D:3      | Killed Natasha
  4208 | D:3      | Noticed Natasha
  4213 | D:3      | Killed Natasha
  4686 | D:4      | Noticed Grinder
  4703 | D:4      | Killed Grinder
  4703 | D:4      | Reached XP level 8. HP: 62/62 MP: 11/16
  4900 | D:4      | Found a glowing golden altar of the Shining One.
  5442 | D:5      | Entered Level 5 of the Dungeon
  5599 | D:5      | Reached skill level 6 in Stealth
  5629 | D:5      | Found Daidghips's Antique Armour Boutique.
  5648 | D:5      | Noticed endtime's ghost (novice HEFi)
  5834 | D:5      | Noticed Sigmund
  5880 | D:4      | Killed Sigmund
  6202 | D:5      | Killed endtime's ghost
  6202 | D:5      | Reached skill level 5 in Short Blades
  6202 | D:5      | Reached XP level 9. HP: 70/70 MP: 15/18
  6347 | D:5      | Reached skill level 5 in Hexes
  6455 | D:6      | Reached skill level 7 in Stealth
  7255 | D:7      | Found a deep blue altar of Sif Muna.
  7496 | D:7      | Found a staircase to the Ecumenical Temple.
  7499 | D:7      | Noticed Prince Ribbit
  7548 | D:7      | Found a sand-covered staircase.
  7556 | Ossuary  | Entered an ossuary
  8278 | D:7      | Killed Prince Ribbit
  9142 | D:8      | Reached skill level 5 in Dodging
  9142 | D:8      | Reached skill level 8 in Stealth
  9372 | D:8      | Reached XP level 10. HP: 76/78 MP: 15/20
  9505 | D:8      | Reached skill level 5 in Spellcasting
  9862 | D:8      | Slain by an orc warrior

Skill      XL: |  1  2  3  4  5  6  7  8  9 10 |
---------------+-------------------------------+-----
Stealth        | 3 4 5 6 8 |  8.2
Short Blades   | 1 2 3 5 6 |  6.2
Hexes          | 3 4 5 |  5.8
Fighting       | 1 2 3 4 |  4.2
Dodging        | 2 3 5 |  5.0
Spellcasting   | 2 3 4 5 |  5.1
Ice Magic      | 1 2 3 |  3.6
Throwing       | |  0.1

Action                   |  1- 3 |  4- 6 |  7- 9 | 10-12 || total
-------------------------+-------+-------+-------+-------++-------
Melee: Short sword       |   125 |   117 |   717 |    76 ||  1035
       Dagger            |    28 |       |       |       ||    28
 Fire: Blowgun           |       |       |     6 |       ||     6
 Cast: Ensorcelled Hiber |    19 |    21 |    70 |     7 ||   117
       Confuse           |       |       |    24 |    15 ||    39
  Use: Scroll            |     3 |       |     3 |       ||     6
       Potion            |       |       |     5 |       ||     5
 Stab: Sleeping          |    20 |    13 |    56 |     7 ||    96
       Confused          |       |       |    16 |     6 ||    22
       Distracted        |       |       |     1 |       ||     1
  Eat: Chunk             |     7 |     4 |    20 |     1 ||    32
       Beef jerky        |       |       |     1 |       ||     1
Armor: Robe              |    29 |    34 |   245 |    14 ||   322
Dodge: Dodged            |    93 |    66 |   499 |    50 ||   708
